 Dungeon Crawl Stone Soup version 0.17.1-2-g5865329 (webtiles) character file.

98 FortyThree the Firebug (level 4, -14/30 HPs)
             Began as a Demonspawn Fire Elementalist on Jan 15, 2016.
             Demolished by Sigmund
             ... wielding a +2 scythe of freezing
              (18 damage)
             ... on level 2 of the Dungeon.
             The game lasted 00:10:45 (2903 turns).

FortyThree the Firebug (DsFE)                       Turns: 2903, Time: 00:10:45

Health: -14/30     AC:  2    Str: 14    XL:     4   Next: 44%
Magic:  7/7        EV: 15    Int: 17    God:
Gold:   119        SH:  0    Dex: 13    Spells: 3 memorised, 1 level left

rFire  . . .     SeeInvis .     l - +3 hand axe
rCold  . . .     Clarity  .     a - +0 robe
rNeg   . . .     SustAt   .     (no shield)
rPois  .         Gourm    .     (no helmet)
rElec  .         Spirit   .     (no cloak)
rCorr  .         Warding  .     (no gloves)
rMut   .         Stasis   .     (no boots)
MR     .....                    (no amulet)
Stlth  ++........               (no ring)
                                (no ring)

@: mighty, not resistant to hostile enchantments, unstealthy
A: repulsion field 2
a: no special abilities


You were on level 2 of the Dungeon.
You were not hungry.

You visited 1 branch of the dungeon, and saw 3 of its levels.

You collected 119 gold pieces.

Inventory:

Hand Weapons
 i - a +0 dagger
 l - a +3 hand axe (weapon)
Missiles
 g - 19 poisoned needles
Armour
 a - a +0 robe (worn)
Scrolls
 d - 2 scrolls of remove curse {unknown}
 e - a scroll of identify {unknown}
 n - a scroll of immolation {unknown}
 o - a scroll of amnesia {unknown}
 s - a scroll of enchant armour {unknown}
Potions
 j - a potion of might
 k - a potion of lignification {unknown}
 m - a potion of brilliance {unknown}
 p - a potion of ambrosia {unknown}
 r - a potion of curing {unknown}
Books
 b - a book of Flames

   Spells                             Type                      Level
   a - Flame Tongue                   Conjuration/Fire             1
   b - Throw Flame                    Conjuration/Fire             2
   c - Conjure Flame                  Conjuration/Fire             3
   d - Inner Flame                    Hexes/Fire                   3
   e - Sticky Flame                   Conjuration/Fire             4
   f - Fireball                       Conjuration/Fire             5
Comestibles
 c - 4 bread rations
 h - 2 meat rations
 q - a beef jerky


   Skills:
 - Level 1.7 Dodging
 - Level 1.7 Stealth
 - Level 2.0 Spellcasting
 + Level 3.1 Conjurations
 + Level 3.8 Fire Magic


You had one spell level left.
You knew the following spells:

 Your Spells              Type           Power        Failure   Level  Hunger
a - Flame Tongue          Conj/Fire      ##...        4%          1    #......
b - Throw Flame           Conj/Fire      ##....       10%         2    ###....
c - Conjure Flame         Conj/Fire      ##......     14%         3    ###....


Dungeon Overview and Level Annotations

Branches:
Dungeon (3/15)

Altars:
Nemelex Xobeh

Annotations:
D:2 Sigmund
D:3 Scuka's ghost, amateur GrFi


Innate Abilities, Weirdness & Mutations

You are surrounded by a moderate repulsion field (EV +3).


Message History

You hear some strange, mumbled words.
You are confused.
Something hits you. Something freezes you.
Drink which item? (? for menu, Esc to quit)
It was a potion of might.
You feel very mighty all of a sudden.
You bump into the rock wall.
Something barely misses you.
You bump into the rock wall.
Something barely misses you.
Drink which item? (? for menu, Esc to quit)
It was a potion of heal wounds.
You feel much better.
You feel less confused.
You hear some strange, mumbled words.
A puff of flame appears from out of thin air!
The puff of flame hits you!
You closely miss something. Something closely misses you.
You hit something. Something hits you! Something freezes you!
* * * LOW HITPOINT WARNING * * *
Something hits you!!
Ouch! That really hurt!
You die...

...# #<......# ####
#.......# .### #.......#
...# ###.......#
##.###........##
#..##.######.# ###...>#
#.#### . ###### #....# .#
####@# .. #.# #..#######
#{# #.......### #.####
##....#...#####....######
#....###....#####......##
#s... ####..###........##
h..).. ##.............#
..#.... ####..........#


There were no monsters in sight!

Vanquished Creatures
  4 adders (D:2)
  A gnoll (D:3)
  A worm (D:2)
  2 giant geckos
  2 orcs (D:3)
  3 bats (D:1)
  4 giant cockroaches
  5 goblins
  6 hobgoblins (D:1)
  9 kobolds
  A giant newt (D:3)
  5 jackals (D:2)
  7 rats
50 creatures vanquished.

Notes
Turn   | Place    | Note
--------------------------------------------------------------
     0 | D:1      | FortyThree the Demonspawn Fire Elementalist began the quest for the Orb.
     0 | D:1      | Reached XP level 1. HP: 13/13 MP: 3/3
   282 | D:1      | Gained mutation: You are surrounded by a mild repulsion field (EV +2). [demonic ancestry]
   282 | D:1      | Reached XP level 2. HP: 19/19 MP: 3/5
   286 | D:1      | Reached skill level 3 in Fire Magic
   497 | D:1      | Found a sparkling altar of Nemelex Xobeh.
  1239 | D:2      | Gained mutation: You are surrounded by a moderate repulsion field (EV +3). [demonic ancestry]
  1239 | D:2      | Reached XP level 3. HP: 24/24 MP: 6/6
  1327 | D:2      | Learned a level 2 spell: Throw Flame
  1331 | D:2      | Learned a level 3 spell: Conjure Flame
  1949 | D:2      | Reached XP level 4. HP: 15/30 MP: 1/7
  2474 | D:2      | Noticed Sigmund
  2592 | D:3      | Noticed Scuka's ghost (amateur GrFi)
  2903 | D:2      | Demolished by Sigmund

Action                   |  1- 3 |  4- 6 || total
-------------------------+-------+-------++-------
Melee: Unarmed           |     3 |       ||     3
       Hand axe          |    60 |    23 ||    83
       Dagger            |    12 |       ||    12
 Cast: Flame Tongue      |    38 |    13 ||    51
       Conjure Flame     |       |     1 ||     1
       Throw Flame       |       |     1 ||     1
  Use: Potion            |       |     2 ||     2
 Stab: Sleeping          |     2 |     2 ||     4
  Eat: Chunk             |     4 |     3 ||     7
